 Dungeon Crawl Stone Soup version 0.31-a0-1612-g4aaf141004 (webtiles) character file.

Game seed: 372541805205089975

1330 Lobster4 the Shield-Bearer (level 8, -1/61 HPs)
             Began as a Human Wanderer on Jan 9, 2024.
             Slain by Prince Ribbit (14 damage)
             ... on level 4 of the Dungeon.
             The game lasted 00:25:02 (6167 turns).

Lobster4 the Shield-Bearer (Human Wanderer)         Turns: 6167, Time: 00:25:03

Health: -1/61      AC:  6    Str: 15    XL:     8   Next: 60%
Magic:  12/12      EV: 12    Int:  9    God:
Gold:   149        SH:  7    Dex: 16    Spells: 8/13 levels left

rFire   . . .        x - +1 war axe
rCold   + . .        b - +2 buckler
rNeg    + . .        p - +0 leather armour {rC+}
rPois   .            q - +0 helmet
rElec   .            (no cloak)
rCorr   .            (no gloves)
SInv    .            c - +1 pair of boots
Will    .....        f - amulet of the acrobat
Stlth   ++           r - ring of positive energy
HPRegen 0.30/turn    (no ring)
MPRegen 0.13/turn

%: acrobat
@: attractive, invisible
A: explore regen
a: no special abilities


You were on level 4 of the Dungeon.
You visited 1 branch of the dungeon, and saw 5 of its levels.

You collected 284 gold pieces.
You spent 135 gold pieces at shops.

Inventory:

Hand Weapons
 a - a +0 hand axe
 d - a +1 whip of venom
 i - a +2 vampiric whip
 x - a +1 war axe (weapon)
Armour
 b - a +2 buckler (worn)
 c - a +1 pair of boots (worn)
 m - a +0 scale mail
 p - a +0 leather armour of cold resistance (worn)
 q - a +0 helmet (worn)
Magical Staves
 t - a staff of conjuration
Jewellery
 f - an amulet of the acrobat (around neck)
 h - a ring of ice
 r - a ring of positive energy (left hand)
Scrolls
 k - 3 scrolls of revelation
Potions
 n - a potion of brilliance {unknown}


   Skills:
 + Level 4.7 Fighting
 - Level 2.0 Axes
 - Level 1.0 Throwing
 - Level 3.0 Armour
 - Level 3.0 Dodging
 - Level 2.0 Stealth
 - Level 5.0 Shields
 + Level 3.1 Spellcasting
 + Level 3.5 Conjurations
 + Level 3.5 Earth Magic
 - Level 1.0 Evocations


You had 8 spell levels left.
You knew the following spells:

 Your Spells              Type           Power      Damage    Failure   Level
a - Stone Arrow           Conj/Erth      14%        3d7       32%         3
b - Momentum Strike       Conj/Tloc      8%         3d8       34%         2

Your spell library contained the following spells:

 Spells                   Type           Power      Damage    Failure   Level
 Blink                    Tloc           2%         N/A       56%         2
 Lesser Beckoning         Tloc           2%         N/A       56%         2
 Animate Armour           Summ/Erth      8%         N/A       92%         4
 Lehudib's Crystal Spear  Conj/Erth      3%         10d3      100%        8


Dungeon Overview and Level Annotations

Branches:
Dungeon (5/15)
 Temple: D:4-7

Altars:
Elyvilon
Kikubaaqudgha

Shops:
D:2 [

Annotations:
D:4 Prince Ribbit
D:5 Blork the orc


Innate Abilities, Weirdness & Mutations

You regain HP and MP as you explore.


Message History

Throw: dart (atropa)
Press: ? - help, Shift-Dir - straight line, f/p - Prince Ribbit
Aim: Prince Ribbit (36% to hit, chance to blind on hit: 35%)
You throw an atropa-tipped dart.
The atropa-tipped dart hits Prince Ribbit.
Prince Ribbit resists.
Prince Ribbit hits you.
You slash Prince Ribbit!
Prince Ribbit is moderately wounded.
Prince Ribbit hits you!
Prince Ribbit blinks!
Items here: ))) [[.
It was a potion of attraction.
You feel attractive to monsters.
Prince Ribbit blinks!
Prince Ribbit is attracted toward you.
You closely miss Prince Ribbit.
Prince Ribbit is moderately wounded.
Prince Ribbit hits you. Prince Ribbit hits you!
* * * LOW HITPOINT WARNING * * *
You closely miss Prince Ribbit.
Prince Ribbit is moderately wounded.
Prince Ribbit blinks!
You feel better. Prince Ribbit barely misses you.
You barely miss Prince Ribbit.
Prince Ribbit is moderately wounded.
Prince Ribbit hits you. You block Prince Ribbit's attack.
You barely miss Prince Ribbit.
Prince Ribbit is moderately wounded.
Prince Ribbit hits you!
* * * LOW HITPOINT WARNING * * *
Prince Ribbit blinks!
Prince Ribbit is attracted toward you.
It was a potion of invisibility.
You fade into invisibility!
You slash Prince Ribbit!
Prince Ribbit is severely wounded.
Prince Ribbit misses you. Prince Ribbit barely misses you.
You closely miss Prince Ribbit.
Prince Ribbit is severely wounded.
Prince Ribbit hops awkwardly around.
Prince Ribbit hits you!
You die...

################ ######
################
###....###################
..)....'.......F@..)>#####
###....##....#######(#####
###..).##ยง##.#######.#####
..###<....##.#######.#####
#.##########.....!....(..#
#..# ##########(.##.####
##.# ##########.F#.....##
#.# ##########.(#......###
#.# ##########..#)###)...#


You could see Prince Ribbit (unable to see you).

Vanquished Creatures
  An ice beast (D:4)
  A black bear (D:4)
  2 ogres
  A phantom (D:4)
  A bullfrog (D:4)
  A scorpion (D:5)
  A gnoll bouda (D:4)
  3 orc priests
  3 bombardier beetles
  2 hounds
  2 sleepcaps
  3 iguanas
  2 orc wizards (D:4)
  13 gnolls
  7 adders
  A dart slug (D:4)
  3 ribbon worms
  15 orcs
  9 endoplasms
  4 giant cockroaches
  12 goblins
  9 hobgoblins
  2 jackals (D:2)
  6 kobolds
  4 quokkas
  4 ball pythons
  9 bats
  4 frilled lizards
  7 rats
132 creatures vanquished.

Vanquished Creatures (others)
  A human (D:3)
1 creature vanquished.

Grand Total: 133 creatures vanquished

Notes
Turn   | Place    | Note
-------+----------+-------------------------------------------
     0 | D:1      | Lobster4 the Human Wanderer began the quest for the Orb.
     0 | D:1      | Lobster4 set off with the following items: a +0 hand axe, a
                  | +2 buckler, a +0 pair of boots, a +0 leather armour, a
                  | potion of heal wounds.
     0 | D:1      | Reached XP level 1. HP: 16/16 MP: 1/1
    91 | D:1      | Reached XP level 2. HP: 22/22 MP: 2/2
   378 | D:1      | Reached skill level 1 in Armour
   590 | D:1      | Reached XP level 3. HP: 23/28 MP: 3/3
   719 | D:2      | Found a transporter.
  1201 | D:2      | Found Wiocotar's Antique Armour Shoppe.
  1304 | D:2      | Reached XP level 4. HP: 31/34 MP: 4/4
  1356 | D:2      | Learned a level 3 spell: Stone Arrow
  1489 | D:2      | Found a transporter.
  1788 | D:3      | Reached XP level 5. HP: 23/40 MP: 5/5
  2055 | D:3      | Found an ancient bone altar of Kikubaaqudgha.
  2215 | D:3      | Noticed a human
  2216 | D:3      | Killed a human
  2506 | D:4      | Noticed a phantom
  2563 | D:4      | Reached skill level 1 in Spellcasting
  2563 | D:4      | Reached skill level 1 in Conjurations
  2563 | D:4      | Reached skill level 1 in Earth Magic
  2756 | D:4      | Killed a phantom
  2757 | D:4      | Reached XP level 6. HP: 32/47 MP: 7/7
  3023 | D:4      | Reached skill level 4 in Shields
  3217 | D:4      | Noticed an ice beast
  3245 | D:4      | Killed an ice beast
  3246 | D:4      | Reached XP level 7. HP: 28/52 MP: 9/9
  4042 | D:4      | Found a white marble altar of Elyvilon.
  4109 | D:4      | Reached skill level 1 in Throwing
  4109 | D:4      | Reached XP level 8. HP: 38/60 MP: 11/11
  4299 | D:2      | Bought a dyed leather armour for 135 gold pieces
  4366 | D:5      | Entered Level 5 of the Dungeon
  4872 | D:5      | Noticed Blork the orc
  5313 | D:5      | Noticed Prince Ribbit
  5407 | D:5      | Learned a level 2 spell: Momentum Strike
  5513 | D:5      | Reached skill level 5 in Shields
  6167 | D:4      | Slain by Prince Ribbit

Illustrated notes

Levels and vault maps discovered:
D:1:      dpeg_arrival_another_circle, layout_rooms, serial_forest,
          infiniplex_forest_end_double, infiniplex_forest_straight_2,
          infiniplex_forest_corner_1, infiniplex_forest_straight_2,
          infiniplex_forest_zigzag_1, infiniplex_forest_lined_4_way,
          infiniplex_forest_clump_C, infiniplex_forest_lined_3,
          infiniplex_forest_lined_3
D:2:      layout_basic, serial_shops, nicolae_shop_drivethru,
          minmay_pentomino_pile
D:3:      layout_rooms, tgw_kikubaaqudgha
D:4:      layout_basic, nicolae_overflow_crystal_walls
D:5:      layout_basic, minmay_misc_feat_enclosed, uniq_prince_ribbit1,
          uniq_blork_the_orc

Skill      XL: |  1  2  3  4  5  6  7  8 |
---------------+-------------------------+-----
Armour         | 1 2 3 |  3.0
Dodging        | 2 3 |  3.0
Fighting       | 3 4 |  4.7
Spellcasting   | 1 2 3 |  3.1
Conjurations   | 1 2 3 |  3.5
Earth Magic    | 1 2 3 |  3.5
Shields        | 4 5 |  5.0
Throwing       | 1 |  1.0
Axes           | 2 |  2.0
Stealth        | |  2.0
Evocations     | |  1.0

Action                     |  1- 3 |  4- 6 |  7- 9 || total
---------------------------+-------+-------+-------++-------
  Melee: Hand axe          |   147 |   169 |       ||   316
         War axe           |       |    82 |   250 ||   332
  Throw: Stone             |       |    11 |    17 ||    28
         Dart              |       |     2 |    24 ||    26
         Throwing net      |       |       |     7 ||     7
    Use: Scroll            |       |    10 |     2 ||    12
         Potion            |       |     4 |     6 ||    10
   Stab: Sleeping          |     3 |     3 |       ||     6
         Invisible         |       |       |     1 ||     1
         Held in net/web   |       |       |     1 ||     1
 Armour: Leather armour    |    81 |   129 |   135 ||   345
  Dodge: Dodged            |    91 |   152 |   159 ||   402
  Block: Buckler           |    65 |   109 |   100 ||   274

Table legend: (Time is in decaauts)
 A = Elapsed time spent in this place.
 B = Non-inter-level travel time spent in this place.
 C = Inter-level travel time spent in this place.
 D = Time resting spent in this place.
 E = Time spent auto-exploring this place.
 F = Levels seen in this place.
 G = Mean time per level.
                   A        B        C        D        E       F      G
               +--------+--------+--------+--------+--------+-----+--------+
         Total |   6452 |   5854 |    598 |   1374 |   2271 |   5 | 1290.4 |
       Dungeon |   6452 |   5854 |    598 |   1374 |   2271 |   5 | 1290.4 |
               +--------+--------+--------+--------+--------+-----+--------+

Top non-repeatable levels by time:
     D:4: 1987 daAuts
     D:3: 1427 daAuts
     D:5: 1375 daAuts
     D:2: 954 daAuts
     D:1: 707 daAuts
